 Dungeon Crawl Stone Soup version 0.22-a0-322-g60b3cfd (webtiles) character file.

665 sankara the Firebug (level 7, -7/50 HPs)
             Began as a Yellow Draconian Fire Elementalist on Apr 2, 2018.
             Mangled by Pikel
             ... wielding a +0 whip of electrocution
              (17 damage)
             ... on level 4 of the Dungeon.
             The game lasted 00:19:57 (5367 turns).

sankara the Firebug (DrFE)                          Turns: 5367, Time: 00:19:58

Health: -7/50      AC:  6    Str: 11    XL:     7   Next: 31%
Magic:  13/13      EV: 12    Int: 17    God:
Gold:   156        SH:  0    Dex: 11    Spells: 0/14 levels left

rFire    + . .     SeeInvis .   a - +0 whip (elec)
rCold    . . .     Gourm    .   (no shield)
rNeg     + . .     Faith    .   (armour unavailable)
rPois    .         Spirit   .   (helmet restricted)
rElec    .         Reflect  .   (no cloak)
rCorr    +         Harm     .   (no gloves)
MR       .....                  (no boots)
Stlth    ++........             v - amulet of magic regeneration
HPRegen  0.16/turn              A - ring of positive energy {rN+}
MPRegen  0.38/turn              y - ring of protection from fire {rF+, !d}

@: no status effects
A: spit acid, acid resistance, unfitting armour, cold-blooded, AC +6
a: Breathe Acid


You were on level 4 of the Dungeon.
You were not hungry.

You visited 1 branch of the dungeon, and saw 5 of its levels.

You collected 156 gold pieces.

Inventory:

Hand Weapons
 a - a +0 whip of electrocution (weapon)
   (You took it off a goblin on level 2 of the Dungeon)
 b - a +0 dagger
   (You found it on level 1 of the Dungeon)
Missiles
 f - 158 stones (quivered)
 j - 67 sling bullets
 k - 8 steel tomahawks
Jewellery
 n - an uncursed amulet of faith {Faith, !P}
   (You found it on level 2 of the Dungeon)
 v - an amulet of magic regeneration (around neck)
   (You found it on level 3 of the Dungeon)
 x - an uncursed ring of resist corrosion
   (You found it on level 3 of the Dungeon)
 y - a ring of protection from fire (right hand) {rF+, !d}
   (You found it on level 4 of the Dungeon)
 A - a ring of positive energy (left hand) {rN+}
   (You found it on level 4 of the Dungeon)
Scrolls
 e - 2 scrolls of fog {unknown}
 h - a scroll of immolation {unknown}
 i - a scroll of fear {unknown}
 l - a scroll of enchant weapon {unknown}
 q - a scroll of enchant armour {unknown}
 r - 2 scrolls of noise {unknown}
 s - 3 scrolls of identify {unknown}
 t - a scroll of teleportation {unknown}
 u - a scroll of remove curse {unknown}
 w - a scroll of amnesia {unknown}
Potions
 c - a potion of flight {unknown}
 d - a potion of heal wounds {unknown}
 g - 2 potions of haste {unknown}
 o - a potion of cancellation {unknown}
 p - a potion of curing {unknown}
 z - a potion of might {unknown}
Comestibles
 m - 6 rations
 B - 7 chunks of flesh {@w0}


   Skills:
 - Level 1.7 Dodging
 - Level 1.7 Stealth
 - Level 4.3 Spellcasting
 + Level 4.7 Conjurations
 - Level 1.0 Necromancy
 + Level 5.5 Fire Magic


You couldn't memorise any spells.
You knew the following spells:

 Your Spells              Type           Power        Failure   Level  Hunger
a - Flame Tongue          Conj/Fire      ###..        1%          1    None
b - Sticky Flame          Conj/Fire      ###.....     19%         4    ####...
c - Conjure Flame         Conj/Fire      ###.....     5%          3    ###....
d - Animate Skeleton      Necr           N/A          10%         1    None
e - Fireball              Conj/Fire      ###.......   45%         5    ######.


Dungeon Overview and Level Annotations

Branches:
Dungeon (5/15)
 Temple: D:4-7

Altars:
Ashenzari
Cheibriados
Fedhas
Gozag

Annotations:
D:4 Pikel


Innate Abilities, Weirdness & Mutations

You can spit globs of acid.
You are resistant to acid.
Your golden yellow scales are hard. (AC +6)
You cannot fit into any form of body armour.
You are cold-blooded and may be slowed by cold attacks.


Message History

You feel sick.
You are no longer poisoned.
A quokka comes into view.
Casting: Flame Tongue (safe; 1% risk of failure)
Confirm with . or Enter, or press ? or * to list all spells.
Aiming: Flame Tongue (safe; 1% risk of failure)
Press: ? - help, Shift-Dir - straight line, f - slave
Aim: a slave, wearing an animal skin The flame tongue hits the slave.
The slave is lightly wounded.
Your iguana skeleton closely misses the slave.
Casting: Flame Tongue (safe; 1% risk of failure)
Confirm with . or Enter, or press ? or * to list all spells.
Aiming: Flame Tongue (safe; 1% risk of failure)
Press: ? - help, Shift-Dir - straight line, f/p - slave
Aim: a slave, wearing an animal skin (lightly wounded)
The flame tongue hits the slave.
The slave is heavily wounded.
The slave hits you.
Your iguana skeleton barely misses the slave.
Casting: Flame Tongue (safe; 1% risk of failure)
Confirm with . or Enter, or press ? or * to list all spells.
Aiming: Flame Tongue (safe; 1% risk of failure)
Press: ? - help, Shift-Dir - straight line, f/p - slave
Aim: a slave, wearing an animal skin (heavily wounded)
The flame tongue hits the slave.
The slave is severely wounded.
The slave closely misses you.
The quokka twitches its whiskers.
Casting: Flame Tongue (safe; 1% risk of failure)
Confirm with . or Enter, or press ? or * to list all spells.
Aiming: Flame Tongue (safe; 1% risk of failure)
Press: ? - help, Shift-Dir - straight line, f/p - slave
Aim: a slave, wearing an animal skin (severely wounded)
The flame tongue hits the slave.
The slave is almost dead.
Your iguana skeleton bites the slave!
The slave dies!
The quokka barely misses you.
You miss the quokka.
Your tail-slap misses the quokka.
The quokka barely misses you.
Your iguana skeleton misses the quokka.
You hit the quokka. Lightning courses through the quokka!
You kill the quokka!
There is a stone staircase leading up here.
Items here: )) [ †† a trident; a leather armour; a hand axe; an orc corpse x2
Casting: Flame Tongue (safe; 1% risk of failure)
Confirm with . or Enter, or press ? or * to list all spells.
You attempt to give life to the dead...
Before your eyes, flesh is ripped from the corpse!
The dead are walking!
B - 3 chunks of flesh {@w0} (gained 1)
Things that are here:
a trident; an orc corpse
Casting: Animate Skeleton (safe; 10% risk of failure)
Confirm with . or Enter, or press ? or * to list all spells.
You attempt to give life to the dead...
Before your eyes, flesh is ripped from the corpse!
The dead are walking!
B - 7 chunks of flesh {@w0} (gained 4)
Things that are here:
a club; a ring mail
Casting: Animate Skeleton (safe; 10% risk of failure)
Confirm with . or Enter, or press ? or * to list all spells.
There is nothing here that can be animated!
You swap places. 2 slaves come into view.
The slave moves out of view.
Pikel the Slaver comes into view.
He is wielding a whip of electrocution.
There is a stone staircase leading up here.
Casting: Animate Skeleton (safe; 10% risk of failure)
Confirm with . or Enter, or press ? or * to list all spells.
Aiming: Flame Tongue (safe; 1% risk of failure)
Press: ? - help, Shift-Dir - straight line, f - Pikel
Aim: Pikel, wielding a whip of electrocution and wearing a robe The flame tongue hits Pikel.
Pikel is lightly wounded.
Casting: Flame Tongue (safe; 1% risk of failure)
Confirm with . or Enter, or press ? or * to list all spells.
Aiming: Flame Tongue (safe; 1% risk of failure)
Press: ? - help, Shift-Dir - straight line, f/p - Pikel
Aim: Pikel, wielding a whip of electrocution and wearing a robe (lightly wounded)
The flame tongue hits Pikel.
Pikel appears unharmed.
Pikel is lightly wounded.
Your iguana skeleton bites Pikel.
You hit Pikel but do no damage.
Pikel is moderately wounded.
Pikel hits you with a whip of electrocution.
Your orc skeleton closely misses Pikel.
Pikel hits you with a whip of electrocution!
Your iguana skeleton bites Pikel!
The slave hits you but does no damage.
You climb upwards.
Your mindless thralls stay behind.
There is a stone staircase leading down here.
The slave hits you.
* * * LOW HITPOINT WARNING * * *
Pikel says, "You'll fetch a fair price!"
Pikel hits you with a whip of electrocution.
* * * LOW HITPOINT WARNING * * *
You are electrocuted!
You die...

.≈≈≈§≈######o..# #.........
....§§........## #.........
....§.........# ##........
.............## #..##....
..............# #..###...
...########...## ##...###..
#..# #....##### ##.......#.
#..##
#........####..........
#...#
##.....@K..........###..
##..# ##...###.p>........##
### #..## #...##
#####......## # #...#
##...## ####.....#
###..###.....#####........#
......#...................#
..........................#
#................#####....##
###..............# #.....#


You could see Pikel and a slave.

Vanquished Creatures
  A necrophage (D:3)
  A howler monkey (D:5)
  A centaur zombie (D:5)
  A centaur skeleton (D:4)
  2 orc priests
  An orc wizard (D:4)
  2 iguanas
  2 worker ants
  Terence (D:1)
  5 adders
  A worm (D:2)
  4 dart slugs
  4 leopard geckos
  12 orcs
  3 giant cockroaches
  7 goblins
  9 hobgoblins
  8 jackals
  2 quokkas
  A ball python (D:3)
  A ball python skeleton (D:4)
  12 bats
  3 frilled lizards
  4 kobolds
  A leopard gecko skeleton (D:4)
  5 rats
94 creatures vanquished.

Vanquished Creatures (collateral kills)
  A slave (D:5)
  An ogre (D:4)
  An orc priest (D:4)
  An orc wizard (D:3)
  An adder (D:2)
  A worm (D:2)
6 creatures vanquished.

Grand Total: 100 creatures vanquished

Notes
Turn   | Place    | Note
-------+----------+-------------------------------------------
     0 | D:1      | sankara the Draconian Fire Elementalist began the quest for the Orb.
     0 | D:1      | Reached XP level 1. HP: 14/14 MP: 3/3
   317 | D:1      | Reached XP level 2. HP: 20/20 MP: 0/5
   916 | D:2      | Noticed Terence
  1043 | D:2      | Reached skill level 2 in Conjurations
  1043 | D:2      | Reached XP level 3. HP: 26/26 MP: 2/6
  1530 | D:2      | Learned a level 3 spell: Conjure Flame
  1532 | D:2      | Learned a level 1 spell: Animate Skeleton
  1917 | D:2      | Reached XP level 4. HP: 22/33 MP: 3/8
  2326 | D:2      | Found a shattered altar of Ashenzari.
  2502 | D:2      | Reached skill level 1 in Necromancy
  2815 | D:1      | Reached skill level 3 in Spellcasting
  2815 | D:1      | Reached skill level 4 in Fire Magic
  2815 | D:1      | Reached XP level 5. HP: 21/38 MP: 9/9
  2839 | D:1      | Killed Terence
  3170 | D:3      | Reached skill level 3 in Conjurations
  3186 | D:3      | HP: 6/38 [something/puff of flame (6)]
  3644 | D:3      | Noticed a necrophage
  3652 | D:3      | Killed a necrophage
  3652 | D:3      | Reached XP level 6. HP: 43/45 MP: 5/11
  3679 | D:3      | Learned a level 4 spell: Sticky Flame
  3755 | D:3      | Found a snail-covered altar of Cheibriados.
  3895 | D:4      | Found an opulent altar of Gozag.
  4502 | D:4      | Reached skill level 4 in Spellcasting
  4532 | D:4      | Reached skill level 4 in Conjurations
  4659 | D:4      | Reached skill level 5 in Fire Magic
  4659 | D:4      | Your scales start taking on a golden yellow colour.
  4659 | D:4      | Reached XP level 7. HP: 38/50 MP: 9/13
  4810 | D:4      | Found a blossoming altar of Fedhas.
  5215 | D:5      | Entered Level 5 of the Dungeon
  5232 | D:5      | Learned a level 5 spell: Fireball
  5361 | D:5      | Noticed Pikel
  5366 | D:4      | HP: 12/50 [slave[Pikel] (4)]
  5367 | D:4      | Mangled by Pikel

Vault maps used:
D:1:      mrwooster_arrival_statue_2
D:2:      lemuel_doored_altar, minivault_25, uniq_terence
D:3:      kennysheep_slug_shrine, hangedman_decor_points
D:4:      grunt_gozag_breadcrumbs, kennysheep_mini_moat, first_ration,
          glass_columns_a
D:5:      lemuel_statue_altar, uniq_edmund, uniq_pikel

Skill      XL: |  1  2  3  4  5  6 |
---------------+-------------------+-----
Conjurations   | 2 3 4 |  4.7
Necromancy     | 1 |  1.0
Spellcasting   | 3 4 |  4.3
Fire Magic     | 4 5 |  5.5
Dodging        | |  1.7
Stealth        | |  1.7

Action                   |  1- 3 |  4- 6 |  7- 9 || total
-------------------------+-------+-------+-------++-------
Melee: Unarmed           |    10 |       |       ||    10
       Tailslap          |     8 |    10 |     2 ||    20
       Dagger            |    32 |       |       ||    32
       Whip              |    21 |   135 |    18 ||   174
Throw: Stone             |       |     5 |       ||     5
 Cast: Flame Tongue      |    54 |    27 |    27 ||   108
       Animate Skeleton  |     1 |    16 |     3 ||    20
       Conjure Flame     |     1 |     1 |       ||     2
 Stab: Sleeping          |     1 |     2 |       ||     3
  Eat: Chunk             |     4 |    10 |     2 ||    16
Armor: Skin              |    29 |    38 |    12 ||    79
Dodge: Dodged            |    64 |    80 |    16 ||   160

Table legend:
 A = Spawn XP
 B = Non-spawn XP
 C = Spawn XP percentage of total XP
 D = Spawn monster count
 E = Non-spawn monster count
 F = Spawn count percentage of total count
 G = Total turns spent on level
                    A         B        C        D         E        F      G
               +---------+---------+-------+---------+---------+-------+---------
         Total |       0 |     950 |   0.0 |       0 |      99 |   0.0 |  5367
               +---------+---------+-------+---------+---------+-------+---------
           D:1 |       0 |     104 |   0.0 |       0 |      26 |   0.0 |  1506
           D:2 |       0 |     122 |   0.0 |       0 |      35 |   0.0 |  1523
           D:3 |       0 |     211 |   0.0 |       0 |      13 |   0.0 |  1025
           D:4 |       0 |     327 |   0.0 |       0 |      14 |   0.0 |  1198
           D:5 |       0 |     186 |   0.0 |       0 |      11 |   0.0 |   115
               +---------+---------+-------+---------+---------+-------+---------

Vault maps used:
D:1:      mrwooster_arrival_statue_2
D:2:      lemuel_doored_altar, minivault_25, uniq_terence
D:3:      kennysheep_slug_shrine, hangedman_decor_points
D:4:      grunt_gozag_breadcrumbs, kennysheep_mini_moat, first_ration,
          glass_columns_a
D:5:      lemuel_statue_altar, uniq_edmund, uniq_pikel

Table legend:
 A = Turns spent in this place as a percentage of turns spent in the entire game.
 B = Non-inter-level travel turns spent in this place as a percentage of non-inter-level travel turns spent in the entire game.
 C = Inter-level travel turns spent in this place as a percentage of turns spent in this place.
 D = Turns resting spent in this place as a percentage of non-inter-level travel turns spent in this place.
 E = Turns spent auto-exploring this place as a percentage of non-inter-level travel turns spent in this place.
 F = Non-inter-level travel turns spent in this place divided by the number of levels of this place that you've seen.
                   A       B       C       D       E      F
               +-------+-------+-------+-------+-------+----------------------
         Total | 100.0 | 100.0 |   2.8 |  38.1 |  37.2 | 1043.0
       Dungeon | 100.0 | 100.0 |   2.8 |  38.1 |  37.2 | 1043.0
               +-------+-------+-------+-------+-------+----------------------

Table legend:
 A = Kills in this place as a percentage of kills in entire the game.
 B = Kills by you in this place as a percentage of kills by you in the entire game.
 C = Kills by friends in this place as a percentage of kills by friends in the entire game.
 D = Other kills in this place as a percentage of other kills in the entire game.
 E = Experience gained in this place as a percentage of experience gained in the entire game.
 F = Experience gained in this place divided by the number of levels of this place that you have seen.
                   A       B       C       D       E      F
               +-------+-------+-------+-------+-------+----------------------
         Total | 100.0 | 100.0 | 100.0 |   N/A | 100.0 | 190.0
       Dungeon | 100.0 | 100.0 | 100.0 |   N/A | 100.0 | 190.0
               +-------+-------+-------+-------+-------+----------------------
